cohdb
Replays
Latest Replays
All Replays
Popular Replays
Top Player Replays
Match Explorer
How It Works
Community
CoH3 Stats
Reddit
Sign in to upload your games and track your stats! →
Sign in with Steam
Match 48226112
Unlisted
Match 48226112
Overview
Messages
Build Orders
End
Construct Infanterie Kompanie
Kettenkrad Recon Vehicle
Selects Breakthrough Battlegroup
MG 42 Machine Gun Team
MG 42 Machine Gun Team
Grenadier Squad
Selects Assault Grenadiers
Grenadier Squad
Medical Station
Selects Rapid Production
Construct Panzergrenadier Kompanie
AI Takeover
Mr Alien
D'LONE
老年抖枪术
bkreuzer
steakiller
Fortress85
SneaKerz
gb_gbg
0
0
Comments
sign in to comment!
No comments posted yet!